 Dungeon Crawl Stone Soup version 0.20.1-1-g8b1a95d (webtiles) character file.

421 Gargoyl the Skirmisher (level 6, -5/85 HPs)
             Began as a Minotaur Abyssal Knight on July 4, 2017.
             Was a Believer of Lugonu.
             Slain by Duvessa
             ... wielding a +2 rapier of protection
              (18 damage)
             ... on level 4 of the Dungeon.
             The game lasted 00:06:40 (3273 turns).

Gargoyl the Skirmisher (Minotaur Abyssal Knight)    Turns: 3273, Time: 00:06:41

Health: -5/85      AC:  7    Str: 19 (22) XL:     6   Next: 62%
Magic:  15/15      EV: 11    Int:  8 (11) God:    Lugonu [**....]
Gold:   227        SH:  0    Dex:  8 (11) Spells: 5/5 levels left

rFire    . . .     SeeInvis .   a - +2 hand axe
rCold    . . .     Gourm    .   (no shield)
rNeg     . . .     Faith    .   r - +0 ring mail
rPois    .         Spirit   .   (helmet restricted)
rElec    .         Reflect  .   (no cloak)
rCorr    .         Harm     .   m - +0 pair of gloves
MR       .....                  (no boots)
Stlth    ..........             u - amulet of rage
Regen    0.3/turn               e - ring of magical power
MPRegen  0.2/turn               (no ring)

@: berserking, glowing, very quick
A: retaliatory headbutt, hooves 1, horns 2, clever 1, low mp 1
a: Depart the Abyss, Bend Space, Renounce Religion, Evoke Berserk Rage


You were on level 4 of the Dungeon.
You worshipped Lugonu.
Lugonu was pleased with you.
You were hungry.

You visited 1 branch of the dungeon, and saw 4 of its levels.
You visited the Abyss 1 time.

You collected 227 gold pieces.

Inventory:

Hand Weapons
 a - a +2 hand axe (weapon)
Armour
 m - a +0 pair of gloves (worn)
 r - a +0 ring mail (worn)
Jewellery
 e - a ring of magical power (left hand)
 u - an amulet of rage (around neck)
Scrolls
 b - a scroll of amnesia
 f - 2 scrolls of identify
 n - 2 scrolls of fear
 s - 2 scrolls of teleportation
Potions
 d - a potion of ambrosia {unknown}
 g - a potion of curing
 h - a potion of degeneration
 i - 2 potions of mutation
 j - a potion of heal wounds
 q - a potion of flight {unknown}
 t - a potion of agility {unknown}
Comestibles
 c - a bread ration
 k - a royal jelly
 p - a meat ration


   Skills:
 + Level 5.7 Fighting
 + Level 4.1 Axes
 * Level 4.7 Armour
 + Level 1.8 Dodging
 * Level 3.7 Invocations


You had 5 spell levels left.
You didn't know any spells.

Dungeon Overview and Level Annotations

Branches:
Dungeon (4/15)
 Temple: D:4-7

Altars:
Makhleb
Trog
Vehumet
Xom

Annotations:
D:4 Duvessa


Innate Abilities, Weirdness & Mutations

You reflexively headbutt those who attack you in melee.
You have a pair of horns on your head.
You have large cloven feet.
Your mind is acute. (Int +2)
Your magical capacity is low. (-10% MP)


Message History

A red film seems to cover your vision as you go berserk!
You feel yourself moving faster!
You feel mighty!
Duvessa hits you with a rapier of protection!
You barely miss Duvessa.
Duvessa is moderately wounded.
Duvessa hits you with a rapier of protection!
* * * LOW HITPOINT WARNING * * *
You slash Duvessa! Your kick misses Duvessa. Your headbutt misses Duvessa.
Duvessa is heavily wounded.
Duvessa misses you.
You hit Duvessa.
Duvessa is severely wounded.
Duvessa hits you with a rapier of protection.
* * * LOW HITPOINT WARNING * * *
You are feeling hungry.
Your ring mail prevents you from hitting Duvessa.
You kick Duvessa, but do no damage.
Duvessa is severely wounded.
Duvessa hits you with a rapier of protection!!
You die...

..#
#.....(##(#
#.#
#..######.#
#.# #..# #.#
#.# #..# #.#
# #.# #..#
#.###.####..#
#.#.........#
#e)#.#####.#
##@..# #.#
..... #†.###
#.# ....
#.#.# #.# ...
#.#.# #.# ...
# #.# #.# #.#
... #.# #.#
... <.#
##.#######
##..#
..........
#>...


You could see Duvessa (berserk).

Vanquished Creatures
  An eye of draining (Abyss:2)
  Dowan (D:4)
  A jelly (D:4)
  A bullfrog skeleton (D:4)
  2 hounds (D:4)
  A hound skeleton (D:4)
  5 adders
  3 gnolls (D:4)
  A dart slug (D:1)
  6 leopard geckos
  6 orcs
  6 bats
  2 giant cockroaches
  5 goblins
  8 hobgoblins
  4 jackals (D:3)
  A quokka (D:2)
  A ball python (D:3)
  4 frilled lizards
  7 kobolds
  7 rats
73 creatures vanquished.

Vanquished Creatures (others)
  A rat (D:3)
1 creature vanquished.

Grand Total: 74 creatures vanquished

Notes
Turn   | Place    | Note
-------+----------+-------------------------------------------
     0 | Abyss:1  | Gargoyl the Minotaur Abyssal Knight began the quest for the Orb.
     0 | Abyss:1  | Reached XP level 1. HP: 19/19 MP: 1/1
    60 | Abyss:2  | Noticed an eye of draining
    73 | Abyss:2  | Killed an eye of draining
    73 | Abyss:2  | Reached skill level 5 in Fighting
    73 | Abyss:2  | Reached XP level 2. HP: 29/29 MP: 0/2
    73 | Abyss:2  | Reached XP level 3. HP: 36/36 MP: 0/3
    73 | Abyss:2  | Reached XP level 4. HP: 42/42 MP: 0/4
    75 | Abyss:2  | Noticed a neqoxec
    75 | D:1      | Escaped the Abyss
   708 | D:2      | Reached * piety under Lugonu
  1008 | D:2      | Reached XP level 5. HP: 34/48 MP: 6/6
  1429 | D:2      | Found a bloodstained altar of Trog.
  1485 | D:3      | Found a radiant altar of Vehumet.
  1631 | D:3      | Found a shimmering altar of Xom.
  2093 | D:3      | Reached ** piety under Lugonu
  2987 | D:4      | Reached XP level 6. HP: 53/56 MP: 7/7
  3115 | D:4      | Found a burning altar of Makhleb.
  3254 | D:4      | Noticed Dowan
  3256 | D:4      | Noticed Duvessa
  3264 | D:4      | Killed Dowan
  3265 | D:4      | Gained mutation: Your magical capacity is low. (-10% MP) [potion of mutation]
  3265 | D:4      | Gained mutation: Your mind is acute. (Int +2) [potion of mutation]
  3265 | D:4      | Gained mutation: You have large cloven feet. [potion of mutation]
  3273 | D:4      | Slain by Duvessa

Skill      XL: |  1  2  3  4  5  6 |
---------------+-------------------+-----
Fighting       | 5 |  5.7
Axes           | 3 4 |  4.1
Invocations    | 2 3 |  3.7
Armour         | 3 4 |  4.7
Dodging        | |  1.8

Action                   |  1- 3 |  4- 6 || total
-------------------------+-------+-------++-------
Melee: Hand axe          |    13 |   157 ||   170
       Headbutt          |     4 |    29 ||    33
       Kick              |       |     1 ||     1
Invok: Depart the Abyss  |       |     1 ||     1
  Use: Scroll            |     1 |     9 ||    10
       Potion            |       |     5 ||     5
  Eat: Chunk             |       |     7 ||     7
Armor: Leather armour    |       |    25 ||    25
       Ring mail         |       |    55 ||    55
Dodge: Dodged            |       |   140 ||   140
